AoeStats
← themrbign

African Clearing

510568787Analyzed
2v2 RM · 1d ago on Oct 1, 2026· 19m 53s· 4 players
Game mode
Random Map
Map size
Medium (4 player)
Population
200
Speed
Normal
Resources
Standard
Victory
Conquest
Starting age
Dark Age
Ending age
Imperial Age
RankedLock teamsTeams togetherTeam positionsShared explorationLock speedFull tech treeHidden civsTurbo modeCheats
Victory
Defeat
🇲🇽 Varangians · Mexico
1370
+12
🇩🇪 Mongols · Germany
1369
+12
🇫🇮 Huns · Finland
1277
-12
🇫🇮 Japanese · Finland
1277
-12
gabriel_11205
4:57 Loom
12:54 Feudal Age
14:38 Double-Bit Axe
15:04 Double-Bit Axe
17:53 Castle Age
16:58 Bloodlines
17:58 Light Cavalry
18:56 Bow Saw
ElMeroMero
5:17 Loom
11:37 Feudal Age
13:32 Double-Bit Axe
13:31 Horse Collar
21:22 Castle Age
19:43 Stone Mining
20:21 Gold Mining
themrbign
12:17 Loom
14:33 Feudal Age
15:31 Double-Bit Axe
21:18 Castle Age
Chibedillo
4:45 Loom
13:43 Feudal Age
19:45 Castle Age
Connection lost

Rejoining the realm…

Still unreachable

The connection could not be restored.

Session expired

The server has moved on; the page needs a fresh start.